 Dungeon Crawl Stone Soup version 0.32-a0-928-g1cae6b7ea0 (webtiles) character file.

Game seed: 4699313595002298252

72 Sabo the Charlatan (level 4, -6/42 HPs)
             Began as an Oni Artificer on Apr 12, 2024.
             Mangled by a hobgoblin
             ... wielding a +0 quarterstaff
              (8 damage)
             ... on level 3 of the Dungeon.
             The game lasted 00:11:21 (2196 turns).

Sabo the Charlatan (Oni Artificer)                  Turns: 2196, Time: 00:11:22

Health: -6/42      AC:  3    Str: 18    XL:     4   Next: 26%
Magic:  4/4        EV:  9    Int: 12    God:
Gold:   85         SH:  0    Dex:  9    Spells: 3/3 levels left

rFire   + . .        h - +0 short sword
rCold   . . .        (no shield)
rNeg    . . .        b - +0 robe
rPois   .            (helmet restricted)
rElec   .            (no cloak)
rCorr   .            (gloves unavailable)
SInv    .            (boots unavailable)
Will    .....        (no amulet)
Stlth   +            q - ring of protection from fire
HPRegen 0.27/turn    (no ring)
MPRegen 0.09/turn

%: no passive effects
@: no status effects
A: large, unfitting armour, horns 1, tough skin 1, double potion healing,
drunken brawling
a: no special abilities


You were on level 3 of the Dungeon.
You visited 1 branch of the dungeon, and saw 3 of its levels.

You collected 85 gold pieces.

Inventory:

Hand Weapons
 a - a +0 mace
 h - a +0 short sword (weapon)
Missiles
 l - 3 boomerangs
Armour
 b - a +0 robe (worn)
Jewellery
 q - a ring of protection from fire (left hand)
Wands
 c - a wand of flame (14) (quivered)
 d - a wand of charming (15)
 e - a wand of iceblast (5)
Scrolls
 g - a scroll of vulnerability {unknown}
 i - a scroll of fear {unknown}
 j - a scroll of noise {unknown}
 m - a scroll of torment {unknown}
 n - 2 scrolls of enchant armour
 o - a scroll of immolation {unknown}
 p - 2 scrolls of blinking
 s - a scroll of teleportation {unknown}
 t - a scroll of fog {unknown}
Potions
 f - a potion of curing {unknown}
 k - 2 potions of brilliance {unknown}
 r - 2 potions of enlightenment


   Skills:
 + Level 1.9 Fighting
 + Level 0.5 Short Blades
 + Level 0.7 Maces & Flails
 + Level 3.0 Dodging
 + Level 1.0 Stealth
 + Level 3.1 Evocations


You had 3 spell levels left.
You didn't know any spells.
Your spell library contained the following spells:

 Spells                   Type           Power      Damage    Failure   Level
 Jinxbite                 Hex            0%         N/A       45%         2
 Yara's Violent Unravell  Hex/Alch       0%         3d3       100%        5
 Enfeeble                 Hex            0%         N/A       100%        7


Dungeon Overview and Level Annotations

Branches:
Dungeon (3/15)

Altars:
Hepliaklqana


Innate Abilities, Weirdness & Mutations

You are too large for most types of armour.
You have a pair of small horns on your head.
You have tough skin. (AC +1)
You gain doubled healing and magic from potions.
Whenever you drink a healing potion, you attack all around you.


Message History

You see here a quokka corpse.
Found a scroll labelled PYSTRA MOEGE.
Found a whip and a dagger.
A hobgoblin comes into view. It is wielding a +0 quarterstaff.
Found a robe.
The hobgoblin shouts!
A sleepcap comes into view.
The rat bites you.
You see here 9 gold pieces.
You hit the rat.
You kill the rat!
You hit the hobgoblin but do no damage. The hobgoblin closely misses you.
You barely miss the hobgoblin. The hobgoblin barely misses you.
You closely miss the hobgoblin.
The hobgoblin hits you with a +0 quarterstaff.
You barely miss the hobgoblin. Your headbutt misses the hobgoblin.
The sleepcap releases spores at you.
You are engulfed in a cloud of soporific spores!
You fall asleep.
The hobgoblin hits you with a +0 quarterstaff!!
You wake up.
You hit the sleepcap but do no damage. The sleepcap releases spores at you.
* * * LOW HITPOINT WARNING * * *
You are engulfed in a cloud of soporific spores!
You are unaffected.
The hobgoblin hits you with a +0 quarterstaff.
* * * LOW HITPOINT WARNING * * *
You hit the sleepcap but do no damage.
The sleepcap releases spores at you but does no damage.
The hobgoblin barely misses you.
You hit the sleepcap. You headbutt the sleepcap.
The sleepcap is moderately damaged.
The sleepcap barely misses you.
The hobgoblin hits you with a +0 quarterstaff!
* * * LOW HITPOINT WARNING * * *
You hit the sleepcap but do no damage.
The sleepcap is moderately damaged.
The sleepcap closely misses you.
The hobgoblin hits you with a +0 quarterstaff!
You die...

#........# ##P..P.PP.P#
...#####.# #.#..P..P)[.
......##.####..##§_P?P..
...##.##.#....P...P...P.
....# ##.#....P.........
#[#.# #.#..†.....PP....
..#.# #.......P$..f..P.
###.# ###.....fg#.!####
#.# #......@##.# #.#
#..........# ###.#
####.###.### ..... #.#
).# ##### #.. ).. ##
..## ## .## .# .# .#


You could see a sleepcap and a hobgoblin.

Vanquished Creatures
  2 adders (D:2)
  A ribbon worm (D:2)
  2 dart slugs
  An orc (D:3)
  6 endoplasms
  4 giant cockroaches
  2 goblins (D:1)
  4 hobgoblins
  3 quokkas
  2 ball pythons (D:2)
  5 bats
  3 frilled lizards
  3 kobolds
  6 rats
44 creatures vanquished.

Notes
Turn   | Place    | Note
-------+----------+-------------------------------------------
     0 | D:1      | Sabo the Oni Artificer began the quest for the Orb.
     0 | D:1      | Reached XP level 1. HP: 19/19 MP: 1/1
   300 | D:1      | Reached XP level 2. HP: 13/27 MP: 2/2
   622 | D:1      | Upgraded the game from 0.32-a0-918-g0f22ef8d61 to
                  | 0.32-a0-928-g1cae6b7ea0
   854 | D:2      | Reached XP level 3. HP: 20/33 MP: 3/3
  1592 | D:2      | Reached XP level 4. HP: 37/42 MP: 4/4
  2173 | D:3      | Reached skill level 1 in Stealth
  2178 | D:3      | Found a hazy altar of Hepliaklqana.
  2195 | D:3      | HP: 2/42 [hobgoblin/+0 quarterstaff (10)]
  2196 | D:3      | Mangled by a hobgoblin

Illustrated notes

Levels and vault maps discovered:
D:1:      tarquinn_simple_flora_water_d, layout_rooms
D:2:      layout_basic, minmay_misc_feat_room
D:3:      layout_loops_ring, nicolae_hepliaklqana_hazy_memory,
          hellmonk_ecumenical_altar_zigzags

Skill      XL: |  1  2  3  4 |
---------------+-------------+-----
Evocations     | 3 |  3.1
Dodging        | 3 |  3.0
Stealth        | 1 |  1.0
Fighting       | |  1.9
Short Blades   | |  0.5
Maces & Flails | |  0.7

Action                     |  1- 3 |  4- 6 || total
---------------------------+-------+-------++-------
  Melee: Club              |    33 |       ||    33
         Headbutt          |    26 |     9 ||    35
         Short sword       |   110 |    43 ||   153
  Evoke: Wand              |     1 |       ||     1
    Use: Scroll            |       |     3 ||     3
   Stab: Sleeping          |     1 |     2 ||     3
 Armour: Robe              |   112 |    28 ||   140
  Dodge: Dodged            |    96 |    24 ||   120

Table legend: (Time is in decaauts)
 A = Elapsed time spent in this place.
 B = Non-inter-level travel time spent in this place.
 C = Inter-level travel time spent in this place.
 D = Time resting spent in this place.
 E = Time spent auto-exploring this place.
 F = Levels seen in this place.
 G = Mean time per level.
                   A        B        C        D        E       F      G
               +--------+--------+--------+--------+--------+-----+--------+
         Total |   2202 |   2202 |      0 |    341 |      0 |   3 |  734.0 |
       Dungeon |   2202 |   2202 |      0 |    341 |      0 |   3 |  734.0 |
               +--------+--------+--------+--------+--------+-----+--------+

Top non-repeatable levels by time:
     D:2: 1329 daAuts
     D:1: 746 daAuts
     D:3: 126 daAuts
